 Dungeon Crawl Stone Soup version 0.30-b1-2-g02819fbbbe (webtiles) character file.

Game seed: 8346529853322969451

126110 Borgoz the Warrior (level 16, -3/108 HPs)
             Began as a Gargoyle Berserker on June 16, 2023.
             Was a High Priest of Trog.
             Slain by a merfolk impaler
             ... wielding a +1 trident of distortion
              (17 damage)
             ... on level 2 of the Shoals.
             The game lasted 01:04:09 (24490 turns).

Borgoz the Warrior (Gargoyle Berserker)            Turns: 24490, Time: 01:04:10

Health: -3/108     AC: 27    Str: 27    XL:     16   Next: 97%
Magic:  16/16      EV: 25    Int:  5    God:    Trog [*****.]
Gold:   1431       SH: 14    Dex: 21    Spells: 15/15 levels left

rFire   . . .        a - +6 flail of Eternal War {speed, Str+4 Int-3}
rCold   . . .        b - +0 kite shield
rNeg    + . .        I - +4 troll leather armour
rPois   ∞            k - +2 hat
rElec   +            (no cloak)
rCorr   .            (no gloves)
SInv    .            B - +1 pair of boots {Stlth+}
Will    +++..        Q - amulet of the acrobat
Stlth   +++          h - +5 ring of evasion
HPRegen 2.18/turn    j - +6 ring of dexterity
MPRegen 0.15/turn

%: acrobat
@: strong-willed, on berserk cooldown, flying, regenerating, slowed, very slow
A: sickness immunity, AC +12, big wings, negative energy resistance 1,
electricity resistance, torment resistance 1, petrification resistance
a: Renounce Religion, Berserk, Trog's Hand, Brothers in Arms


You were on level 2 of the Shoals.
You worshipped Trog.
Trog was extremely pleased with you.
You visited 5 branches of the dungeon, and saw 25 of its levels.
You also visited: Gauntlet and Volcano.

You collected 2282 gold pieces.
You spent 851 gold pieces at shops.

Inventory:

Hand Weapons
 a - the +6 flail of Eternal War (weapon) {speed, Str+4 Int-3}
   (You found it on level 5 of the Dungeon)

   Str:       It affects your strength (+4).
   Int:       It affects your intelligence (-3).
 y - a +3 antimagic eveningstar
Missiles
 u - 27 poisoned darts (quivered)
 F - a throwing net
 L - 3 curare-tipped darts
Armour
 b - a +0 kite shield (worn)
 e - a +0 ring mail of willpower
 k - a +2 hat (worn)
 B - a +1 pair of boots of stealth (worn)
 C - the +1 leather armour "Gygyiz" {+Blink Str+2 Int-4 Dex+3}
   (You bought it in a shop on level 2 of the Orcish Mines)

   Str:       It affects your strength (+2).
   Int:       It affects your intelligence (-4).
   Dex:       It affects your dexterity (+3).
   +Blink:    It lets you blink.
 H - a +1 ring mail of fire resistance
 I - a +4 troll leather armour (worn)
 O - +0 ice dragon scales
Jewellery
 h - a +5 ring of evasion (left hand)
 j - a +6 ring of dexterity (right hand)
 r - a +4 ring of slaying
 v - a ring of see invisible
 J - a ring of protection from fire
 Q - an amulet of the acrobat (around neck)
Wands
 c - a wand of mindburst (8)
 f - a wand of roots (30)
 w - a wand of digging (11)
 x - a wand of light (9)
 D - a wand of charming (15)
 E - a wand of flame (25)
 K - a wand of polymorph (8)
Scrolls
 i - 16 scrolls of teleportation
 m - 4 scrolls of fear
 n - 4 scrolls of blinking
 o - 6 scrolls of fog
 q - 2 scrolls of poison
 t - 9 scrolls of silence
 G - 3 scrolls of magic mapping
Potions
 d - 10 potions of curing
 l - 3 potions of attraction
 p - 2 potions of berserk rage
 s - 2 potions of cancellation
 z - 5 potions of might
 A - 5 potions of ambrosia
 M - 3 potions of mutation
 P - 2 potions of haste
 U - a potion of resistance


   Skills:
 * Level 15.1 Fighting
 * Level 14.0 Maces & Flails
 - Level 3.0 Throwing
 * Level 14.9 Armour
 * Level 11.7 Dodging
 - Level 3.0 Stealth
 + Level 13.3 Shields
 + Level 4.9 Evocations


You had 15 spell levels left.
You didn't know any spells.
Your spell library was empty.

Dungeon Overview and Level Annotations

Branches:
Dungeon (15/15)            Temple (1/1) D:6            Lair (5/5) D:8
 Shoals (2/4) Lair:3       Spider (0/4) Lair:3        Slime (0/5) Lair:4
    Orc (2/2) D:11            Elf (0/3) Orc:2        Vaults (0/5) D:14
 Depths (0/4) D:15        Volcano (visited)         Gauntlet (visited)

Altars:
Ashenzari
Cheibriados
Dithmenos
Elyvilon
Fedhas
Gozag
Hepliaklqana
Kikubaaqudgha
Makhleb
Nemelex Xobeh
Okawaru
Qazlal
Ru
Sif Muna
Trog
Uskayaw
Vehumet
Wu Jian
Xom
Yredelemnul
Zin
The Shining One
Jiyva

Shops:
D:3 :   D:9 :   D:10 (   Orc:2 !:[

Portals:
Abyss: D:4
Bazaar: Shoals:1


Innate Abilities, Weirdness & Mutations

You are immune to sickness and miasma.
Your stone body is resilient. (AC +12)
You are immune to poison.
Your large and strong wings let you fly.
You resist negative energy. (rN+)
You are resistant to electric shocks. (rElec)
You are resistant to unholy torment.
You are immune to petrification.


Message History

You are too injured to fight recklessly!
You are too injured to fight recklessly!
You are too injured to fight recklessly!
You hit the merfolk but do no damage.
The merfolk is severely wounded.
The merfolk completely misses you. You block the merfolk impaler's attack.
You block the merfolk's attack.
You sock the merfolk!
The merfolk is almost dead.
The merfolk impaler misses you. The merfolk completely misses you.
The merfolk impaler hits you from afar with a +1 trident of distortion.
Space warps horribly around you!
* * * LOW HITPOINT WARNING * * *
You block the merfolk's attack.
Your skin crawls.
You feel strong-willed.
The merfolk hits you but does no damage.
The merfolk impaler completely misses you.
The merfolk hits you with a +0 glaive!
* * * LOW HITPOINT WARNING * * *
The merfolk impaler completely misses you.
The merfolk hits you but does no damage.
You feel much better. You block the merfolk impaler's attack.
The merfolk misses you.
The merfolk impaler hits you from afar with a +1 trident of distortion.
Space warps horribly around you!!
* * * LOW HITPOINT WARNING * * *
You block the merfolk's attack.
The merfolk impaler hits you but does no damage.
Space warps around you.
* * * LOW HITPOINT WARNING * * *
The merfolk hits you with a +0 glaive.
* * * LOW HITPOINT WARNING * * *
You hit the merfolk.
You kill the merfolk!
Trog accepts your kill.
You hear a splash. x2
You block the merfolk's attack.
The merfolk impaler hits you from afar with a +1 trident of distortion!
You die...

##################
≈≈≈≈≈≈≈≈≈≈≈≈≈≈≈≈≈≈
≈≈≈≈≈≈≈≈≈≈≈≈≈≈≈≈≈≈≈
≈≈≈≈≈≈≈≈≈≈≈≈≈≈≈~~~~≈
≈≈≈≈≈≈≈≈≈≈≈≈≈~~~~~~~
≈≈≈≈≈≈≈≈≈≈≈≈≈~~~~~~~
≈≈≈≈~~~~~~≈≈≈m≈~~~~..~~
≈≈≈~~~~~~~~m≈@≈~~~...~~
≈≈~~~~~~~~~~~≈~~~~~..~~
~~~~~~...~~~~~~~~~~..~~~
~~~~~..##~~~~~~~~~~.~~..
~~~~...#.(~~~~~~~~~.~~..
.~~~...†~~~~~~~~~≈≈~.~..
.~.~~~~≈≈≈~<...~~~~..<..
..~~~~≈≈≈≈~).........#
..~≈≈~~≈≈≈~..##....###


You could see a merfolk impaler and a merfolk.

Vanquished Creatures
  Frances (D:12)
  Polyphemus (Shoals:2)
  Kirke (D:14)
  A minotaur (Gauntlet)
  3 dire elephants
  Azrael (D:15)
  Snorg (Orc:2)
  An ettin (Orc:2)
  A blizzard demon (Gauntlet)
  5 hydras
  A merfolk impaler (Shoals:1)
  6 vault guards (D:14)
  4 ogre magi
  3 catoblepae
  A merfolk aquamancer (Shoals:1)
  9 centaur warriors
  4 boulder beetles
  An alligator snapping turtle (Shoals:1)
  A tengu warrior (D:15)
  17 two-headed ogres
  3 death yaks
  An orc high priest (Orc:2)
  Urug (Lair:2)
  Sonja (Lair:4)
  A skyshark (Shoals:2)
  An orb spider (Lair:3)
  3 sea snakes (Shoals:1)
  A deep elf archer (D:12)
  2 obsidian statues
  An orc knight (Orc:2)
  4 deep elf pyromancers
  10 harpies
  3 necromancers (Lair:5)
  3 salamanders (Volcano)
  An orc sorcerer (Orc:1)
  4 ugly things
  7 manticores
  A merfolk siren (Shoals:1)
  A worldbinder (Gauntlet)
  8 cyclopes
  22 elephants (Lair:5)
  2 dire elephant zombies (Lair:5)
  A naga mage (D:15)
  A gargoyle (D:12)
  4 black mambas
  A cane toad (shapeshifter) (D:14)
  12 cane toads
  Maggie (D:10)
  2 torpor snails
  A dire elephant skeleton (Lair:5)
  2 unseen horrors (D:12)
  6 komodo dragons
  A rime drake (Lair:5)
  A kobold demonologist (D:14)
  2 freezing wraiths
  Psyche (D:11)
  A tengu conjurer (D:14)
  6 merfolk
  A queen bee (D:9)
  The ghost of HumbleHazard the Carver, an amateur MiBe of Trog (D:4)
  9 trolls
  2 polar bears
  4 snapping turtles
  14 blink frogs
  2 wind drakes
  A raiju (Gauntlet)
  11 dream sheep
  2 wraiths
  2 shadows
  4 slime creatures (D:15)
  6 water elementals
  3 wyverns
  A vampire (D:12)
  65 yaks
  A dire elephant simulacrum (Lair:5)
  A fire bat (Volcano)
  5 basilisks
  2 fire elementals (D:15)
  4 vampire mosquitoes (D:11)
  A hog (D:14)
  2 steam dragons (Gauntlet)
  2 wargs
  2 spectral cane toads (Lair:5)
  An acid dragon (D:12)
  16 water moccasins
  5 hell hounds
  3 ice beasts (D:6)
  15 orc warriors
  2 black bears
  2 boggarts (Gauntlet)
  9 wolves
  34 ogres
  An elephant skeleton (Lair:5)
  9 centaurs
  A phantom (D:4)
  4 kobold brigands
  12 bullfrogs
  7 gnoll sergeants
  2 small abominations (D:4)
  A cane toad simulacrum (Lair:5)
  2 scorpions
  A wight (D:10)
  17 killer bees (D:9)
  2 elephant simulacra (Lair:5)
  7 electric eels
  6 howler monkeys
  A crimson imp (D:4)
  A hound (D:4)
  14 orc priests
  3 jellies
  4 gnoll boudas
  An iron imp (D:4)
  4 sleepcaps
  6 hell rats (Lair:3)
  7 iguanas
  Terence (D:2)
  28 orc wizards
  33 gnolls
  4 adders
  3 white imps (Gauntlet)
  An ufetubus (D:6)
  2 worms
  3 dart slugs
  70 orcs
  8 bats
  9 endoplasms
  A giant cockroach (D:2)
  5 goblins
  6 hobgoblins
  4 jackals (D:4)
  19 kobolds
  4 quokkas
  3 ball pythons
  3 frilled lizards
  4 rats (D:1)
746 creatures vanquished.

Vanquished Creatures (collateral kills)
  3 dire elephants (Lair:5)
  Fannar (D:10)
  2 vault guards (D:14)
  A death yak (Lair:5)
  A spectral anaconda (Lair:5)
  2 ugly things (D:14)
  A centaur (D:14)
  2 wights (D:10)
13 creatures vanquished.

Vanquished Creatures (others)
  A necromancer (Lair:5)
  3 humans (D:14)
  A gnoll (Orc:1)
  An orc (D:8)
  24 fungi
  68 plants
  22 withered plants (Lair:5)
120 creatures vanquished.

Grand Total: 879 creatures vanquished

Notes
Turn   | Place    | Note
-------+----------+-------------------------------------------
     0 | D:1      | Borgoz the Gargoyle Berserker began the quest for the Orb.
     0 | D:1      | Reached XP level 1. HP: 14/14 MP: 1/1
   199 | D:1      | Reached XP level 2. HP: 19/19 MP: 2/2
  1106 | D:2      | Reached XP level 3. HP: 23/23 MP: 3/3
  1217 | D:2      | Reached ** piety under Trog
  1218 | D:2      | Reached XP level 4. HP: 28/29 MP: 4/4
  1324 | D:2      | Found a faded altar of an unknown god.
  1503 | D:2      | Reached skill level 4 in Fighting
  1594 | D:2      | Noticed Terence
  1600 | D:2      | Killed Terence
  1601 | D:2      | Reached XP level 5. HP: 32/33 MP: 5/5
  1690 | D:2      | Found a hazy altar of Hepliaklqana.
  2030 | D:3      | Found Omemeh's Book Shoppe.
  2184 | D:3      | Found a basalt altar of Yredelemnul.
  2468 | D:3      | Found a sparkling altar of Nemelex Xobeh.
  2470 | D:3      | Found a glowing golden altar of the Shining One.
  2472 | D:3      | Found a hazy altar of Hepliaklqana.
  2617 | D:3      | Identified the +6 short sword "Murmur" {freeze, rC- rCorr
                  | SInv}
  2990 | D:4      | Reached *** piety under Trog
  3036 | D:4      | Noticed an ogre
  3042 | D:4      | Reached skill level 1 in Shields
  3042 | D:4      | Reached XP level 6. HP: 39/39 MP: 6/6
  3468 | D:4      | Reached skill level 5 in Fighting
  3468 | D:4      | Reached XP level 7. HP: 7/44 MP: 7/7
  3615 | D:4      | Found a transporter.
  3632 | D:4      | Found a transporter.
  3838 | D:4      | Noticed HumbleHazard's ghost (amateur MiBe)
  4078 | D:4      | Killed HumbleHazard's ghost
  4079 | D:4      | Reached skill level 5 in Maces & Flails
  4081 | D:4      | Reached skill level 5 in Armour
  4081 | D:4      | Reached XP level 8. HP: 50/50 MP: 8/8
  4147 | D:4      | Found a one-way gate to the infinite horrors of the Abyss.
  4332 | D:5      | Entered Level 5 of the Dungeon
  4520 | D:5      | Found a shimmering blue altar of Sif Muna.
  4523 | D:5      | Found a broken altar of Ashenzari.
  4528 | D:5      | Found a blossoming altar of Fedhas.
  4592 | D:5      | Reached skill level 6 in Fighting
  5020 | D:5      | Identified a scroll of acquirement
  5021 | D:5      | Acquired a +4 ring of slaying
  5134 | D:5      | Identified the +6 flail of Eternal War {speed, Str+4 Int-3}
  5384 | D:6      | Reached XP level 9. HP: 55/56 MP: 9/9
  5491 | D:6      | Found a staircase to the Ecumenical Temple.
  5595 | Temple   | Entered the Ecumenical Temple
  5847 | D:6      | Reached skill level 5 in Shields
  5871 | D:6      | Reached **** piety under Trog
  5892 | D:6      | Identified the +4 hand axe of Greed {pain, rN+ Will+ MP+9
                  | Dex+2}
  5901 | D:6      | Reached skill level 7 in Fighting
  6348 | D:7      | Reached skill level 5 in Dodging
  6597 | D:7      | Found a white marble altar of Elyvilon.
  7162 | D:8      | Noticed a two-headed ogre
  7170 | D:8      | Killed a two-headed ogre
  7171 | D:8      | Reached XP level 10. HP: 64/64 MP: 10/10
  7259 | D:8      | Found a staircase to the Lair.
  7321 | D:8      | Found a shimmering altar of Xom.
  7339 | D:8      | Reached skill level 8 in Fighting
  7708 | D:8      | Found a shadowy altar of Dithmenos.
  8170 | D:9      | Reached ***** piety under Trog
  8434 | D:9      | Found Cewkooqi's Book Emporium.
  8705 | D:9      | Reached XP level 11. HP: 68/69 MP: 11/11
  8837 | D:9      | Reached skill level 9 in Fighting
  8947 | D:10     | Entered Level 10 of the Dungeon
  9015 | D:10     | Noticed Fannar
  9022 | D:10     | Killed Fannar
  9189 | D:10     | Noticed Maggie
  9194 | D:10     | Killed Maggie
  9484 | D:10     | Found a hide-covered altar of Uskayaw.
  9847 | D:10     | Found Cyehaagu's Antique Weapon Emporium.
  9855 | D:10     | Bought an encrusted great mace for 448 gold pieces
  9855 | D:10     | Identified the +4 great mace of Eternal Vigilance {holy,
                  | rPois rC++ Int-5 Dex+3} (You bought it in a shop on level
                  | 10 of the Dungeon)
 10005 | D:11     | Noticed Psyche
 10012 | D:11     | Killed Psyche
 10226 | D:11     | Found a staircase to the Orcish Mines.
 10616 | D:11     | Found an ornate altar of the Wu Jian Council.
 10701 | D:11     | Noticed a cyclops
 10706 | D:11     | Killed a cyclops
 10794 | D:12     | Reached skill level 10 in Fighting
 10816 | D:12     | Reached XP level 12. HP: 77/77 MP: 12/12
 10989 | D:12     | Noticed a boulder beetle
 11031 | D:12     | Killed a boulder beetle
 11036 | D:12     | Reached skill level 10 in Armour
 11217 | D:12     | Noticed Frances
 11240 | D:12     | Killed Frances
 11613 | D:13     | Noticed a catoblepas
 11623 | D:13     | Killed a catoblepas
 11624 | D:13     | Reached skill level 10 in Maces & Flails
 11684 | D:13     | Received a gift from Trog
 11818 | D:13     | Reached skill level 10 in Shields
 11889 | D:13     | Noticed a centaur warrior
 11891 | D:13     | Noticed a boulder beetle
 11893 | D:13     | Noticed a boulder beetle
 11902 | D:13     | Killed a centaur warrior
 11903 | D:13     | Reached skill level 11 in Fighting
 11916 | D:13     | Killed a boulder beetle
 11948 | D:13     | Killed a boulder beetle
 12135 | D:13     | Noticed a centaur warrior
 12141 | D:13     | Killed a centaur warrior
 12142 | D:13     | Reached XP level 13. HP: 84/84 MP: 13/13
 12389 | D:14     | Noticed Kirke
 12401 | D:14     | Killed Kirke
 12677 | Lair:1   | Entered Level 1 of the Lair of Beasts
 12857 | Lair:1   | Found a dark tunnel.
 12864 | Volcano  | Entered a volcano
 13956 | Lair:2   | Reached skill level 12 in Fighting
 14130 | Lair:2   | Found a gate leading to a gauntlet.
 14150 | Gauntlet | Entered a Gauntlet
 14150 | Gauntlet | Found a transporter.
 14157 | Gauntlet | Found a transporter.
 14159 | Gauntlet | Found a transporter.
 14173 | Gauntlet | Found a transporter.
 14181 | Gauntlet | Noticed a blizzard demon
 14189 | Gauntlet | Found a transporter.
 14197 | Gauntlet | Found a transporter.
 14208 | Gauntlet | Found a transporter.
 14209 | Gauntlet | Noticed a blizzard demon
 14222 | Gauntlet | Found a transporter.
 14237 | Gauntlet | Found a transporter.
 14251 | Gauntlet | Found a transporter.
 14251 | Gauntlet | Found a transporter.
 14293 | Gauntlet | Found a transporter.
 14307 | Gauntlet | Found a transporter.
 14309 | Gauntlet | Found a transporter.
 14452 | Gauntlet | Noticed a cyan very ugly thing
 14452 | Gauntlet | Noticed an ironbound thunderhulk
 14455 | Gauntlet | Noticed a red very ugly thing
 14511 | Gauntlet | Killed a blizzard demon
 14520 | Gauntlet | Identified the ring of Sat Huqu {Fly rC+}
 14610 | Gauntlet | Noticed a minotaur
 14625 | Gauntlet | Killed a minotaur
 14932 | Lair:2   | Noticed Urug
 14944 | Lair:2   | Killed Urug
 15274 | Lair:3   | Gained mutation: Your large and strong wings let you fly.
                  | [Gargoyle growth]
 15274 | Lair:3   | Reached XP level 14. HP: 88/92 MP: 12/14
 15452 | Lair:3   | Found a staircase to the Shoals.
 15782 | Lair:3   | Found a hole to the Spider Nest.
 16337 | Lair:4   | Reached skill level 1 in Stealth
 16345 | Lair:4   | Received a gift from Trog
 16383 | Lair:4   | Noticed Sonja
 16394 | Lair:4   | Killed Sonja
 16656 | Lair:4   | Found a runed translucent door.
 16658 | Lair:4   | Found a viscous altar of Jiyva.
 16660 | Lair:4   | Found a staircase to the Slime Pits.
 17122 | Lair:5   | Entered Level 5 of the Lair of Beasts
 17130 | Lair:5   | Noticed a dire elephant
 17130 | Lair:5   | Noticed a dire elephant
 17130 | Lair:5   | Noticed a dire elephant
 17131 | Lair:5   | Noticed a dire elephant
 17147 | Lair:5   | Reached skill level 1 in Throwing
 17175 | Lair:5   | Reached skill level 1 in Evocations
 17349 | Lair:5   | Reached skill level 13 in Fighting
 17396 | Lair:5   | Reached skill level 10 in Dodging
 17555 | Lair:5   | Noticed a dire elephant
 17602 | Lair:5   | Killed a dire elephant
 17697 | Lair:5   | Reached XP level 15. HP: 98/99 MP: 13/15
 18689 | Lair:5   | Identified the +0 robe of the Little Devil {Harm *Slow MP+9
                  | SInv}
 19816 | D:14     | Found an opulent altar of Gozag.
 19868 | D:14     | Found a gate to the Vaults.
 19880 | D:14     | Received a gift from Trog
 20292 | D:15     | Entered Level 15 of the Dungeon
 20373 | D:15     | Found a sacrificial altar of Ru.
 20433 | D:15     | Found a staircase to the Depths.
 20475 | D:15     | Reached skill level 14 in Fighting
 20711 | D:15     | Noticed Azrael
 20729 | D:15     | Killed Azrael
 21419 | Orc:1    | Entered Level 1 of the Orcish Mines
 21454 | Orc:1    | Reached XP level 16. HP: 98/106 MP: 16/16
 21740 | Orc:2    | Entered Level 2 of the Orcish Mines
 21758 | Orc:2    | Noticed Snorg
 21781 | Orc:2    | Killed Snorg
 22046 | Orc:2    | Found a staircase to the Elven Halls.
 22716 | Orc:2    | Received a gift from Trog
 22782 | Orc:2    | Found Qicvoxt's Jewellery Emporium.
 22782 | Orc:2    | Found Nett's Book Shop.
 22782 | Orc:2    | Found Vaumineibb's Distillery.
 22782 | Orc:2    | Found Nampyiho's Antique Armour Shoppe.
 22792 | Orc:2    | Bought a potion of curing for 33 gold pieces
 22792 | Orc:2    | Bought a potion of might for 44 gold pieces
 22792 | Orc:2    | Bought a potion of cancellation for 88 gold pieces
 22793 | Orc:2    | Bought a smelly leather armour for 238 gold pieces
 22793 | Orc:2    | Identified the +1 leather armour "Gygyiz" {+Blink Str+2
                  | Int-4 Dex+3} (You bought it in a shop on level 2 of the
                  | Orcish Mines)
 23299 | Shoals:1 | Entered Level 1 of the Shoals
 23301 | Shoals:1 | Found a gateway to a bazaar.
 24031 | Shoals:1 | Reached skill level 15 in Fighting
 24340 | Shoals:2 | Noticed Polyphemus
 24388 | Shoals:2 | Killed Polyphemus
 24490 | Shoals:2 | Slain by a merfolk impaler

Illustrated notes

Levels and vault maps discovered:
D:1:      elethiomel_arrival_infinity_welcomes_careful_drivers,
          layout_loops_cross, serial_forest, infiniplex_forest_clump_double,
          infiniplex_forest_clump_small, infiniplex_forest_clump_tiny,
          infiniplex_forest_clump_small, infiniplex_forest_end_1,
          infiniplex_forest_clump_diagonal, dk_noncrumbling_4,
          nicolae_kite_square_tiling_tiny, minmay_surrounded
D:2:      layout_basic, basic_altar, shapermc_ecumenical_altar_mp_urbaneastern,
          roderic_lattice_a, minmay_tetromino_i2, uniq_terence
D:3:      layout_basic, mainiacjoe_overflow_boulevard, minitemple, serial_shops,
          shop, grunt_ministairs_12
D:4:      cheibrodos_old_hovel, layout_loops_corners,
          gammafunk_ghost_abyssal_escape
D:5:      layout_loops_ring, grunt_temple_overflow_diamond
D:6:      layout_loops_ring, minmay_temple_entry_large_hall
D:7:      layout_loops_corners, old_standard_altar, minmay_misc_feat_plants
D:8:      layout_loops_ring, mainiacjoe_overflow_surrounded_room,
          mainiacjoe_overflow_tiny_flanked, serial_bayou_lagoon_a,
          chequers_serial_rivers_micro_d
D:9:      layout_loops_ring, serial_shops, shop, minivault_7
D:10:     layout_loops_corners, eat_drink_and_be_merry_uskayaw, serial_shops,
          nicolae_shop_peninsula, uniq_fannar, uniq_maggie
D:11:     layout_roguey, kennysheep_orc_monster_closet_entryway,
          nzn_wu_jian_contemplation, uniq_psyche
D:12:     layout_cave_pools, grunt_tough_drop, uniq_frances
D:13:     layout_long_grid
D:14:     layout_loops_ring, erik_vaults_2, hangedman_abyss_or_decor_clamps,
          nicolae_gozag_cash_rules_everything_around_me, uniq_kirke
D:15:     hangedman_depths_entry_try_elsewhere_first, layout_basic,
          chequers_mini_garden, ebering_dispersal_statue_hall,
          nicolae_ru_awakened_eye, uniq_azrael
Temple:   chequers_temple_sunken
Lair:1:   layout_roguey, enter_volcano_4
Lair:2:   layout_cave_pods, gauntlet_entry_generic, uniq_urug
Lair:3:   layout_chaotic_city, minmay_shoals_entry_hut,
          nicolae_spider_entry_orb_guardian
Lair:4:   layout_roguey, slime_entry_2, uniq_sonja
Lair:5:   due_jungle_book, layout_regular_city, serial_bayou_shore_a
Shoals:1: layout_shoals, serial_shops, statue_bzr,
          nicolae_shoals_stone_sculpture_thing
Shoals:2: layout_shoals, serial_shops, shop, uniq_polyphemus
Orc:1:    layout_caves
Orc:2:    st_orc_ogre_mass, layout_caves, guppyfry_library_mini, uniq_snorg

Skill      XL: |  1  2  3  4  5  6  7  8  9 10 11 12 13 14 15 16 |
---------------+-------------------------------------------------+-----
Dodging        | 2 3 4 5 6 7 8 9 10 11 | 11.7
Armour         | 3 4 5 7 8 9 11 12 13 14 | 14.9
Fighting       | 4 5 6 7 8 10 11 12 13 14 15 | 15.1
Maces & Flails | 4 5 7 8 9 10 11 12 13 14 | 14.0
Shields        | 1 2 3 4 6 7 8 10 11 12 13 | 13.3
Stealth        | 2 3 |  3.0
Throwing       | 1 3 |  3.0
Evocations     | 1 3 4 |  4.9

Action                     |  1- 3 |  4- 6 |  7- 9 | 10-12 | 13-15 | 16-18 || total
---------------------------+-------+-------+-------+-------+-------+-------++-------
  Melee: Mace              |    80 |   163 |   181 |       |       |       ||   424
         Punch             |     1 |       |       |       |       |       ||     1
         Flail             |       |       |   140 |   690 |  1559 |   788 ||  3177
 Invoke: Berserk           |     1 |     3 |     6 |     4 |    11 |     5 ||    30
         Trog's Hand       |       |       |     1 |     4 |     5 |     1 ||    11
         Brothers in Arms  |       |       |       |     1 |     5 |       ||     6
  Evoke: Wand              |       |       |       |     3 |     2 |       ||     5
    Use: Scroll            |     2 |     5 |     7 |    14 |     9 |     1 ||    38
         Potion            |       |       |     2 |     7 |     3 |     1 ||    13
   Stab: Sleeping          |     1 |       |       |       |     5 |     4 ||    10
         Invisible         |       |       |       |     8 |       |       ||     8
         Petrified         |       |       |       |       |     6 |    15 ||    21
         Petrifying        |       |       |       |       |     1 |     2 ||     3
         Distracted        |       |       |       |       |       |     2 ||     2
 Armour: Animal skin       |    21 |       |       |       |       |       ||    21
         Ring mail         |     5 |       |       |       |       |       ||     5
         Scale mail        |     6 |    73 |    90 |   123 |       |       ||   292
         Troll leather arm |       |       |       |    78 |   424 |   134 ||   636
         Leather armour    |       |       |       |       |     3 |       ||     3
  Dodge: Dodged            |    63 |   132 |   183 |   313 |  1101 |   597 ||  2389
  Block: Kite shield       |     6 |    70 |   102 |   352 |   998 |   515 ||  2043
         Reflection        |       |       |       |     5 |       |       ||     5
